 Dungeon Crawl Stone Soup version 0.30.0-5-g1a98f26d00 (webtiles) character file.

Game seed: 7672558589344399639

137248 Jase the Executioner (level 17, -1/158 HPs)
             Began as a Hill Orc Fighter on May 8, 2023.
             Was the Champion of the Shining One.
             Splashed by a goliath frog's acid (10 damage)
             ... on level 3 of the Swamp.
             The game lasted 01:46:25 (26224 turns).

Jase the Executioner (Hill Orc Fighter)            Turns: 26224, Time: 01:46:26

Health: -1/158     AC: 14    Str: 27    XL:     17   Next: 23%
Magic:  20/20      EV:  9    Int: 13    God:    the Shining One [******]
Gold:   1931       SH:  0    Dex: 10    Spells: 16/16 levels left

rFire   . . .        a - +3 executioner's axe (elec)
rCold   + . .        (shield currently unavailable)
rNeg    + + +        i - +0 chain mail of the Leaf {Rampage +Inv Fly MP-9}
rPois   +            e - +0 helmet
rElec   +            F - +0 cloak of Qakhuib {rF+ Int+2 Stlth+}
rCorr   .            B - +0 pair of gloves
SInv    .            w - +2 pair of boots
Will    +....        v - amulet of regeneration Stlth
                     A - ring "Vink" {Ice rElec Int+3}
HPRegen 1.26/turn    V - ring of poison resistance
MPRegen 0.17/turn

%: rampage
@: corroded, flying, hasted, glowing, very quick
A: no striking features
a: Renounce Religion, Evoke Invisibility, Divine Shield, Cleansing Flame, Summon
Divine Warrior, Brand Weapon With Holy Wrath


You were on level 3 of the Swamp.
You worshipped the Shining One.
The Shining One was exalted by your worship.
You visited 5 branches of the dungeon, and saw 27 of its levels.
You also visited: Sewer and Gauntlet.

You collected 2780 gold pieces.
You spent 849 gold pieces at shops.

Inventory:

Hand Weapons
 a - a +3 executioner's axe of electrocution (weapon)
 b - a +3 antimagic war axe
 c - the +27 heavy crossbow "Sniper" {heavy, Acc+∞ SInv}
   (You found it on level 3 of the Lair of Beasts)

   Acc+∞: It never misses its target.
   SInv:      It lets you see invisible.
 d - a +0 halberd of flaming
Missiles
 j - a throwing net (quivered)
Armour
 e - a +0 helmet (worn)
 i - the +0 chain mail of the Leaf (worn) {Rampage +Inv Fly MP-9}
   (You bought it in a shop on level 2 of the Orcish Mines)

   MP:        It affects your magic capacity (-9).
   +Inv:      It lets you turn invisible.
   Fly:       It grants you flight.
   Rampage:   It bestows one free step when moving towards enemies.
 w - a +2 pair of boots (worn)
 B - a +0 pair of gloves (worn)
 F - the +0 cloak of Qakhuib (worn) {rF+ Int+2 Stlth+}
   (You found it on level 7 of the Dungeon)

   Int:       It affects your intelligence (+2).
   rF:        It protects you from fire.
   Stlth:     It makes you more stealthy.
Jewellery
 p - a ring of protection from fire
 v - an amulet of regeneration (around neck)
 A - the ring "Vink" (left hand) {Ice rElec Int+3}
   (You found it in a Gauntlet)

   [ring of ice]

   It enhances your ice magic.
   Int:       It affects your intelligence (+3).
   rF:        It makes you vulnerable to fire.
   rC:        It protects you from cold.
   rElec:     It insulates you from electricity.
 K - a ring of willpower
 Q - a ring of protection from fire
 R - a ring of protection from cold
 V - a ring of poison resistance (right hand)
Wands
 l - a wand of charming (16)
 y - a wand of flame (77)
 z - a wand of digging (7)
 H - a wand of mindburst (22)
 N - a wand of light (13)
 S - a wand of polymorph (6)
 X - a wand of roots (33)
Scrolls
 g - a scroll of fear
 m - 7 scrolls of blinking
 o - 3 scrolls of enchant weapon
 r - 4 scrolls of identify
 s - 6 scrolls of magic mapping
 t - 10 scrolls of teleportation
 E - a scroll of poison
 L - 2 scrolls of fog
 T - 3 scrolls of enchant armour
Potions
 f - 7 potions of flight
 h - 3 potions of haste
 k - 4 potions of berserk rage
 n - 6 potions of heal wounds
 q - 4 potions of attraction
 u - 2 potions of brilliance
 x - 8 potions of curing
 C - a potion of might
 D - a potion of resistance
 M - 3 potions of cancellation
 O - 2 potions of magic
 P - 5 potions of mutation
Miscellaneous
 J - a lightning rod (4/4)
 U - a phial of floods


   Skills:
 - Level 16.2 Fighting
 * Level 22.9 Axes
 + Level 7.2 Ranged Weapons
 - Level 15.0 Armour
 - Level 3.2 Shields
 + Level 17.0 Invocations
 - Level 6.0 Evocations


You had 16 spell levels left.
You didn't know any spells.
Your spell library contained the following spells:

 Spells                   Type           Power      Damage    Failure   Level
 Apportation              Tloc           0%         N/A       67%         1
 Necrotise                Necr           0%         1d4       67%         1
 Summon Small Mammal      Summ           0%         N/A       67%         1
 Cigotuvi's Dreadful Rot  Necr/Pois/Air  0%         N/A       82%         2
 Frozen Ramparts          Ice            0%         1d1       96%         3
 Ignite Poison            Fire/Tmut/Pois 0%         N/A       96%         3
 Volatile Blastmotes      Fire/Tloc      0%         2d10      96%         3
 Anguish                  Hex/Necr       0%         N/A       100%        4
 Animate Armour           Summ/Erth      0%         N/A       100%        4
 Cause Fear               Hex            0%         N/A       100%        4
 Fulminant Prism          Conj/Hex       0%         3d5       100%        4
 Ice Form                 Ice/Tmut       0%         N/A       100%        4
 Iskenderun's Mystic Bla  Conj/Tloc      0%         2d3       100%        4
 Summon Ice Beast         Ice/Summ       0%         N/A       100%        4
 Summon Lightning Spire   Summ/Air       0%         N/A       100%        4
 Alistair's Intoxication  Tmut/Pois      0%         N/A       100%        5
 Blade Hands              Tmut           0%         N/A       100%        5
 Fireball                 Conj/Fire      0%         3d3       100%        5
 Freezing Cloud           Conj/Ice/Air   0%         6-21      100%        5
 Iskenderun's Battlesphe  Conj           0%         2d6       100%        5
 Lee's Rapid Deconstruct  Erth           0%         3d4*      100%        5
 Conjure Ball Lightning   Conj/Air       0%         3x3d6     100%        6
 Iron Shot                Conj/Erth      0%         9d1       100%        6
 Enfeeble                 Hex            0%         N/A       100%        7
 Orb of Destruction       Conj           0%         9d5       100%        7
 Storm Form               Tmut/Air       0%         N/A       100%        7
 Maxwell's Capacitive Co  Air            0%         ∞         100%        8


Dungeon Overview and Level Annotations

Branches:
Dungeon (14/15)            Temple (0/1) D:7            Lair (5/5) D:10
  Swamp (3/4) Lair:2        Snake (3/4) Lair:2        Slime (0/5) Lair:4
    Orc (2/2) D:9             Elf (0/3) Orc:2         Sewer (visited)
Gauntlet (visited)
 Vaults: D:13-14

Altars:
Ashenzari
Cheibriados
Elyvilon
Fedhas
Gozag
Hepliaklqana
Kikubaaqudgha
Nemelex Xobeh
Qazlal
Ru
Uskayaw
Vehumet
Xom
Yredelemnul
The Shining One
Jiyva

Shops:
D:2 ::*=   D:9 (   D:10 :   D:13 (   Orc:2 [*([   Snake:2 =*[:

Annotations:
D:6 9 exclusions
Swamp:1 1 runed translucent door
Swamp:2 1 runed translucent door, monsoonserge's ghost, journeyman DrRe
Orc:2 exclusion: 2 upstairs


Message History

You closely miss the goliath frog.
The spriggan rider hits you from afar with a +0 spear!
The goliath frog completely misses you.
You slice the goliath frog!!
The goliath frog is severely wounded.
A goliath frog comes into view.
The goliath frog hits you but does no damage.
You slice the goliath frog!!
You kill the goliath frog!
The spriggan rider hits you from afar with a +0 spear.
You rampage towards the spriggan rider!
A spark wasp comes into view.
The spark wasp buzzes angrily.
You hit the spriggan rider.
The spriggan rider is lightly wounded.
The spriggan rider hits you with a +0 spear.
You completely miss the spriggan rider.
The spriggan rider is lightly wounded.
A vampire mosquito comes into view.
The spriggan rider hits you with a +0 spear!
The vampire mosquito moves out of view.
You barely miss the spriggan rider.
The spriggan rider is lightly wounded.
The spark wasp bursts into living lightning!
The living lightning misses you.
The spark wasp blinks!
The goliath frog hits you from afar! The acid corrodes you!
You are splashed with acid!
* * * LOW HITPOINT WARNING * * *
You feel yourself speed up.
The spriggan rider hits you with a +0 spear!!
* * * LOW HITPOINT WARNING * * *
The goliath frog barely misses you. The spark wasp barely misses you.
You barely miss the spriggan rider.
The spriggan rider is lightly wounded.
You hit the spark wasp.
The spriggan rider hits you but does no damage.
The goliath frog hits you from afar!!
* * * LOW HITPOINT WARNING * * *
You are splashed with acid!
You die...

.~~~~....~..♣.♣♣
~....~~.~..♣...♣
~..~.~.~.~.....♣♣♣
...~.~.~~...~....♣♣
... ♣.~..~..~~..§~♣♣
~...♣~....~.~~.~...♣
~≈.....~†.~..~..♣~♣
~≈.....y....~.§..♣♣
.≈≈...i@~†..~~.~..♣
.≈≈≈.F~♣.~.~♣....♣
..≈~~.♣♣♣~~♣~..♣♣♣♣
≈≈≈≈.. ♣...~.♣♣~~♣♣
♣ ≈≈.~..
♣...♣..~~...♣♣ ♣♣
≈≈..§
♣~~~♣~~~~~§..♣♣♣~
≈....
♣♣♣.~.§~~~~~..~♣.
.... ♣.♣♣♣♣♣~§~..♣♣.
♣.♣≈ ♣♣~..~♣~~


You could see a spark wasp, a spriggan rider and a goliath frog.

Vanquished Creatures
  The ghost of SecretSquirrel the Warrior, an adept BaHu of Hepliaklqana (Snake:2)
  2 nagarajas (Snake:2)
  3 eleionomae
  7 bunyips
  A spark wasp (Swamp:3)
  A minotaur (Gauntlet)
  Snorg (D:13)
  An entropy weaver (Gauntlet)
  An ogre mage (Orc:2)
  A centaur warrior (D:13)
  4 hydras
  A catoblepas (Lair:4)
  6 alligators
  10 anacondas
  2 boulder beetles
  7 naga warriors
  6 two-headed ogres
  5 death yaks (Lair:3)
  2 tengu warriors
  3 orc high priests (Orc:2)
  7 naga sharpshooters
  3 shock serpents
  A spriggan (Swamp:1)
  3 skysharks (Lair:5)
  4 goliath frogs
  5 skeletal warriors (D:13)
  2 salamander mystics (Snake:3)
  2 spriggan druids (Swamp:1)
  2 naga ritualists
  5 bog bodies
  5 swamp dragons
  6 orc knights
  A wizard (D:14)
  A wolf spider (Gauntlet)
  A necromancer (Lair:3)
  7 mana vipers
  7 orc sorcerers
  2 deep elf pyromancers (D:13)
  2 manticores
  6 cyclopes
  An ugly thing (D:11)
  A moth of wrath (Gauntlet)
  13 salamanders
  20 black mambas
  Joseph (D:7)
  4 guardian serpents
  11 naga magi
  19 cane toads
  6 elephants
  A torpor snail (Lair:1)
  8 komodo dragons
  A rime drake (Lair:4)
  3 tengu conjurers
  A bloated husk (Swamp:1)
  5 trolls
  2 polar bears
  4 tyrant leeches
  3 hornets
  Prince Ribbit (D:5)
  16 blink frogs (Lair:5)
  6 dream sheep (Lair:5)
  A shadow (D:11)
  3 wraiths
  61 yaks
  A wyvern (Lair:3)
  9 vampire mosquitoes
  A redback (Gauntlet)
  8 basilisks
  Menkaure (D:7)
  22 nagas
  8 swamp worms
  4 wargs
  19 water moccasins
  Duvessa (D:7)
  An acid dragon (D:12)
  A swamp drake (Swamp:1)
  4 sky beasts
  3 black bears
  23 orc warriors
  11 ogres
  9 centaurs
  5 wolves (Gauntlet)
  15 bullfrogs
  2 gnoll sergeants
  7 wights (D:9)
  Dowan (D:7)
  17 killer bees
  5 howler monkeys
  3 electric eels
  2 hounds (D:5)
  3 jellies
  20 orc priests
  A gnoll bouda (Orc:1)
  An iguana (D:7)
  Ijyb (D:5)
  27 orc wizards
  5 hell rats (Lair:1)
  2 polar bear simulacra (Lair:3)
  3 yak simulacra (Lair:3)
  4 wolf simulacra (Lair:3)
  11 gnolls
  9 adders
  16 river rats
  2 ufetubi
  A worm (D:5)
  4 dart slugs
  73 orcs
  8 bats
  5 endoplasms
  5 giant cockroaches
  3 goblins (D:1)
  8 hobgoblins
  7 jackals
  8 quokkas
  7 ball pythons
  5 frilled lizards
  3 kobolds
  32 rats
  2 river rat simulacra (Lair:3)
788 creatures vanquished.

Vanquished Creatures (collateral kills)
  3 dream sheep (Lair:5)
3 creatures vanquished.

Vanquished Creatures (others)
  A tyrant leech (Swamp:2)
1 creature vanquished.

Grand Total: 792 creatures vanquished

Notes
Turn   | Place    | Note
-------+----------+-------------------------------------------
     0 | D:1      | Jase the Hill Orc Fighter began the quest for the Orb.
     0 | D:1      | Reached XP level 1. HP: 19/19 MP: 1/1
    55 | D:1      | Reached skill level 3 in Axes
   124 | D:1      | Reached XP level 2. HP: 26/26 MP: 2/2
   187 | D:1      | Reached skill level 4 in Axes
   439 | D:1      | Reached XP level 3. HP: 30/31 MP: 3/3
   939 | D:2      | Found Egeengeo's General Store.
   969 | D:2      | Reached skill level 5 in Axes
  1096 | D:2      | Found Roucrohy's Jewellery Emporium.
  1155 | D:2      | Found a broken altar of Ashenzari.
  1178 | D:2      | Bought a scroll of identify for 28 gold pieces
  1276 | D:2      | Reached XP level 4. HP: 37/39 MP: 4/4
  1340 | D:2      | Found Tyablor's Book Shop.
  1344 | D:2      | Found Boh Wano's Book Shoppe.
  1654 | D:3      | Reached skill level 6 in Axes
  1699 | D:3      | Found an ancient bone altar of Kikubaaqudgha.
  2054 | D:3      | Reached XP level 5. HP: 44/45 MP: 5/5
  2134 | D:2      | Bought a scroll of magic mapping for 105 gold pieces
  2364 | D:3      | Found a glowing golden altar of the Shining One.
  2643 | D:3      | Became a worshipper of the Shining One
  2865 | D:4      | Reached skill level 7 in Axes
  3475 | D:5      | Entered Level 5 of the Dungeon
  3497 | D:5      | Noticed a water moccasin
  3520 | D:5      | Killed a water moccasin
  3521 | D:5      | Reached skill level 8 in Axes
  3521 | D:5      | Reached XP level 6. HP: 17/51 MP: 6/6
  3596 | D:5      | Noticed a black bear
  3607 | D:5      | Killed a black bear
  3608 | D:5      | Reached skill level 9 in Axes
  3621 | D:5      | Found a snail-covered altar of Cheibriados.
  3683 | D:5      | Found a basalt altar of Yredelemnul.
  3699 | D:5      | Noticed Prince Ribbit
  3705 | D:5      | Noticed Ijyb
  3722 | D:5      | Killed Prince Ribbit
  3723 | D:5      | Reached skill level 10 in Axes
  3723 | D:5      | Reached XP level 7. HP: 32/57 MP: 7/7
  3729 | D:5      | Killed Ijyb
  3781 | D:5      | Reached skill level 11 in Axes
  3914 | D:2      | Bought a scroll of teleportation for 42 gold pieces
  4037 | D:5      | Reached XP level 8. HP: 66/66 MP: 8/8
  4082 | D:6      | Identified the +7 dagger of the People {heavy, rN+ Will-
                  | rCorr Int+2}
  4231 | D:6      | Found a white marble altar of Elyvilon.
  4239 | D:6      | Found a shimmering altar of Xom.
  4241 | D:6      | Found a radiant altar of Vehumet.
  4255 | D:6      | Reached skill level 5 in Fighting
  4277 | D:6      | Reached skill level 12 in Axes
  4375 | D:6      | Found a glowing drain.
  4384 | Sewer    | Entered a sewer
  4449 | Sewer    | Reached skill level 5 in Armour
  4656 | D:2      | Bought 2 potions of curing for 84 gold pieces
  4744 | D:6      | Found a sparkling altar of Nemelex Xobeh.
  4823 | D:6      | Reached skill level 1 in Invocations
  4899 | D:6      | Found an opulent altar of Gozag.
  4916 | D:6      | Reached XP level 9. HP: 75/75 MP: 8/10
  5081 | D:7      | Reached * piety under the Shining One
  5167 | D:7      | Reached skill level 13 in Axes
  5180 | D:7      | Noticed Menkaure
  5216 | D:7      | Killed Menkaure
  5371 | D:7      | Noticed Duvessa
  5376 | D:7      | Noticed Dowan
  5393 | D:7      | Killed Dowan
  5397 | D:7      | Killed Duvessa
  5442 | D:7      | Found a staircase to the Ecumenical Temple.
  5581 | D:7      | Noticed Joseph
  5603 | D:7      | Killed Joseph
  5910 | D:7      | Identified the +0 cloak of Qakhuib {rF+ Int+2 Stlth+}
  5933 | D:7      | Reached skill level 14 in Axes
  5960 | D:7      | Found a hazy altar of Hepliaklqana.
  6189 | D:8      | Reached XP level 10. HP: 86/86 MP: 13/13
  6201 | D:8      | Reached skill level 5 in Invocations
  6223 | D:8      | Found a hide-covered altar of Uskayaw.
  6396 | D:8      | Found a broken altar of Ashenzari.
  6900 | D:9      | Reached skill level 15 in Axes
  7037 | D:9      | Found Bixoxeh's Weapon Shoppe.
  7039 | D:9      | Found a staircase to the Orcish Mines.
  7040 | D:9      | Noticed a two-headed ogre
  7088 | D:9      | Killed a two-headed ogre
  7141 | D:9      | Paralysed by a hornet for 1 turns
  7297 | D:9      | Reached XP level 11. HP: 95/95 MP: 16/16
  7453 | D:9      | Found a blossoming altar of Fedhas.
  7475 | D:9      | Identified the +2 scale mail "Taejaib" {Dex+2}
  7618 | D:9      | Found a sacrificial altar of Ru.
  7645 | D:10     | Entered Level 10 of the Dungeon
  7712 | D:10     | Found a stormy altar of Qazlal.
  7800 | D:10     | Reached skill level 16 in Axes
  7931 | D:10     | Reached ** piety under the Shining One
  8072 | D:10     | Found a staircase to the Lair.
  8144 | D:10     | Found Dempy's Book Emporium.
  8553 | D:11     | Noticed a two-headed ogre
  8562 | D:11     | Killed a two-headed ogre
  8671 | D:11     | Reached skill level 10 in Fighting
  9042 | D:11     | Noticed a cyclops
  9054 | D:11     | Killed a cyclops
  9109 | D:11     | Reached XP level 12. HP: 107/107 MP: 19/19
  9127 | D:11     | Noticed a boulder beetle
  9158 | D:11     | Killed a boulder beetle
  9159 | D:11     | Reached skill level 17 in Axes
  9269 | D:11     | Noticed a two-headed ogre
  9279 | D:11     | Killed a two-headed ogre
  9280 | D:11     | Reached skill level 10 in Invocations
  9668 | D:11     | Reached skill level 10 in Armour
 10310 | D:12     | Noticed a boulder beetle
 10345 | D:12     | Killed a boulder beetle
 11058 | D:13     | Noticed a tengu warrior
 11093 | D:13     | Killed a tengu warrior
 11172 | D:13     | Noticed Snorg
 11191 | D:13     | Killed Snorg
 11308 | D:13     | Reached skill level 18 in Axes
 11417 | D:13     | Found Xory's Weapon Boutique.
 11509 | D:13     | Reached *** piety under the Shining One
 11653 | D:13     | Reached XP level 13. HP: 95/117 MP: 11/21
 12224 | Lair:1   | Entered Level 1 of the Lair of Beasts
 12577 | Lair:1   | Reached skill level 19 in Axes
 13818 | Lair:2   | Found a staircase to the Snake Pit.
 14136 | Lair:2   | Found a staircase to the Swamp.
 14150 | Lair:2   | Reached **** piety under the Shining One
 14509 | Lair:3   | Reached skill level 20 in Axes
 14509 | Lair:3   | Reached XP level 14. HP: 128/129 MP: 6/23
 14536 | Lair:3   | Reached skill level 1 in Evocations
 14822 | Lair:3   | You fall into a shaft and drop 2 floors!
 14822 | Lair:5   | Entered Level 5 of the Lair of Beasts
 15533 | Lair:4   | Found a viscous altar of Jiyva.
 15536 | Lair:4   | Found a staircase to the Slime Pits.
 16149 | Lair:3   | Found the +27 heavy crossbow "Sniper" {heavy, Acc+∞ SInv}
 16247 | Lair:3   | Reached ***** piety under the Shining One
 16535 | Orc:1    | Entered Level 1 of the Orcish Mines
 16986 | Orc:2    | Entered Level 2 of the Orcish Mines
 17099 | Orc:2    | Found a gate leading to a gauntlet.
 17102 | Orc:2    | Reached skill level 1 in Ranged Weapons
 17111 | Gauntlet | Entered a Gauntlet
 17111 | Gauntlet | Found a transporter.
 17168 | Gauntlet | Found a transporter.
 17170 | Gauntlet | Found a transporter.
 17183 | Gauntlet | Found a transporter.
 17184 | Gauntlet | Found a transporter.
 17193 | Gauntlet | Found a transporter.
 17207 | Gauntlet | Noticed a reaper
 17208 | Gauntlet | Found a runed translucent door.
 17210 | Gauntlet | Found a transporter.
 17212 | Gauntlet | Found a runed translucent door.
 17221 | Gauntlet | Found a transporter.
 17232 | Gauntlet | Found a transporter.
 17233 | Gauntlet | Noticed a quicksilver ooze
 17238 | Gauntlet | Found a transporter.
 17238 | Gauntlet | Found a transporter.
 17267 | Gauntlet | Found a transporter.
 17267 | Gauntlet | Found a transporter.
 17319 | Gauntlet | Found a transporter.
 17522 | Gauntlet | Identified the ring "Vink" {Ice rElec Int+3}
 17570 | Gauntlet | Identified the ring of Geshoxe {MP+9 Stlth+}
 17643 | Gauntlet | Identified the +0 ring mail "Aliliaw" {Int+3 Dex+3 Stlth+}
 17734 | Orc:2    | Found a staircase to the Elven Halls.
 18314 | Orc:2    | Reached skill level 5 in Evocations
 18740 | Orc:2    | Reached XP level 15. HP: 139/139 MP: 8/25
 19223 | Orc:2    | Found Bawk's Antique Armour Boutique.
 19223 | Orc:2    | Found Asaofug's Antique Weapon Boutique.
 19244 | Orc:2    | Found Yvvawa Wiac's Antique Armour Emporium.
 19247 | Orc:2    | Found Guysu's Assorted Antiques.
 19270 | Orc:2    | Bought a scroll of identify for 52 gold pieces
 19270 | Orc:2    | Identified a scroll of acquirement
 19273 | Orc:2    | Acquired a +3 executioner's axe of electrocution
 19280 | Orc:2    | Bought an opal ring for 130 gold pieces
 19293 | Orc:2    | Bought a jewelled chain mail for 228 gold pieces
 19293 | Orc:2    | Identified the +0 chain mail of the Leaf {Rampage +Inv Fly
                  | MP-9} (You bought it in a shop on level 2 of the Orcish
                  | Mines)
 19296 | Orc:2    | Bought a pair of embroidered boots for 180 gold pieces
 19684 | Lair:5   | Identified the +4 hand axe of the Eggplant {holy, Fly rN+}
 19892 | Lair:5   | Reached skill level 15 in Invocations
 19955 | Lair:5   | Reached skill level 15 in Fighting
 20040 | Lair:5   | Identified the +5 ring mail "Fioreec" {Rampage rN+ Will+
                  | Str+4}
 20082 | Lair:5   | Identified the +5 whip "Papten" {heavy, Contam rCorr Dex+5}
 20551 | Snake:1  | Entered Level 1 of the Snake Pit
 20551 | Snake:1  | Reached ****** piety under the Shining One
 21568 | Snake:2  | Reached skill level 5 in Ranged Weapons
 21654 | Snake:2  | Reached XP level 16. HP: 149/149 MP: 19/27
 21805 | Snake:2  | Reached skill level 21 in Axes
 21936 | Snake:2  | Noticed a nagaraja
 21957 | Snake:2  | Killed a nagaraja
 22334 | Snake:2  | Found Pasya's General Store.
 22360 | Snake:2  | Found Balocw's Book Shoppe.
 22360 | Snake:2  | Found Jatexuy's Jewellery Emporium.
 22385 | Snake:2  | Found Ceghow's Armour Shoppe.
 22435 | Snake:2  | Found a runed translucent gate.
 22436 | Snake:2  | Found a runed translucent gate.
 22436 | Snake:2  | Found a runed translucent gate.
 22441 | Snake:2  | Noticed SecretSquirrel's ghost (adept BaHu)
 22658 | Snake:2  | Identified the +2 hand axe "Nimy" {freeze, rF+ Dex+2}
 22797 | Snake:2  | Noticed a nagaraja
 22803 | Snake:2  | Killed a nagaraja
 23266 | Snake:2  | Killed SecretSquirrel's ghost
 23272 | Snake:2  | Identified the staff of earth "Hyutz" {*Corrode rF- rC+++
                  | Dex+2}
 24316 | Snake:3  | Reached skill level 22 in Axes
 24583 | Swamp:1  | Entered Level 1 of the Swamp
 25013 | Swamp:1  | Reached skill level 15 in Armour
 25041 | Swamp:1  | Found a runed translucent door.
 25148 | Swamp:1  | Reached XP level 17. HP: 153/158 MP: 20/29
 26015 | Swamp:2  | Found a runed translucent door.
 26132 | Swamp:2  | Noticed monsoonserge's ghost (journeyman DrRe)
 26224 | Swamp:3  | Splashed by a goliath frog's acid

Illustrated notes

Levels and vault maps discovered:
D:1:      saegor_arrival_fortress, layout_loops_ring
D:2:      layout_basic, basic_altar, serial_shops, nicolae_shop_statue_plus,
          nicolae_shop_statue_plus, shop, shop
D:3:      layout_loops_corners, mainiacjoe_overflow_six_doors_small,
          mainiacjoe_overflow_boulevard, kennysheep_nub, bh_walls_and_bars
D:4:      layout_basic, serial_forest, infiniplex_forest_lined_ring,
          infiniplex_forest_straight_3, infiniplex_forest_clump_large,
          infiniplex_forest_end_3, minmay_misc_feat_tiny
D:5:      layout_gridville, overflow_temple_1_default, kennysheep_slug_shrine,
          uniq_ijyb, uniq_prince_ribbit1
D:6:      layout_cave_pools, mainiacjoe_overflow_alcove_1,
          mainiacjoe_overflow_small_starburst, grunt_temple_overflow_open,
          gup_sewer_entry_bubbles
D:7:      layout_loops_ring, nzn_hepliaklqana_mist_gate,
          minmay_temple_entry_trees, uniq_joseph, uniq_duvessa, uniq_menkaure
D:8:      layout_basic, mainiacjoe_overflow_24_doors, general_overflow_altar
D:9:      layout_cave_pools, lemuel_tele_altar, nicolae_ru_the_path_less_chosen,
          orc_david_3
D:10:     layout_gridville, nicolae_qazlal_style_of_elements,
          erik_lair_orcish_takeover, serial_shops, nicolae_book_shop_shelving,
          due_unseen_surprise
D:11:     layout_loops_corners, grunt_ministairs_11, hangedman_corner_corridor
D:12:     layout_cave_pods
D:13:     layout_loops_ring, serial_shops, shop, uniq_snorg
D:14:     layout_irregular_city, grunt_vaults_entry_fortified,
          serial_park_gazebo [serial_park_minivault_5x5_2]
Lair:1:   lemuel_ratsnest, layout_regular_city, grunt_megastairs_3
Lair:2:   layout_small_grid, nicolae_swamp_entry_splash_gauntlet,
          minmay_snake_entry_guardpost_medium, chequers_serial_rivers_micro_c
Lair:3:   layout_gridlike, eino_house_with_fridge
Lair:4:   layout_long_grid, slime_entry_1
Lair:5:   minmay_lair_end_frog_pond, layout_long_grid, minivault_25,
          lemuel_fruit_tree
Swamp:1:  gammafunk_mikee_crab_dinner, layout_basic_swamp,
          nicolae_swamp_ascending_descending, swamp_pool1, hangedman_swamp_grove
Swamp:2:  layout_basic_swamp, ebering_ghost_reflecting_pool,
          evilmike_swamp_ruin_wall, st_swamp_mini, infiniplex_staircase_pool_2
Swamp:3:  layout_basic_swamp, evilmike_swamp_ruin_house_3, swamp_pool4,
          hangedman_swamp_cone, nicolae_swamp_catching_bugs
Snake:1:  layout_misc_corridors
Snake:2:  layout_layer_cave, ebering_ghost_rock_garden,
          nicolae_snake_flat_spine, hangedman_snake_sidewinding,
          minmay_shoptagon
Snake:3:  layout_honeycomb, serial_bayou_shore_b
Orc:1:    layout_diamond_mine
Orc:2:    st_orc_elflike, layout_caves, gauntlet_entry_generic

Skill      XL: |  1  2  3  4  5  6  7  8  9 10 11 12 13 14 15 16 17 |
---------------+----------------------------------------------------+-----
Axes           | 3 4 5 6 8 10 11 12 14 15 16 18 20 22 | 22.9
Fighting       | 4 5 7 8 10 11 13 14 15 16 | 16.2
Armour         | 5 6 8 9 10 12 13 14 15 | 15.0
Invocations    | 1 4 7 9 11 12 14 15 16 17 | 17.0
Evocations     | 5 6 |  6.0
Ranged Weapons | 2 5 6 7 |  7.2
Shields        | |  3.2

Action                     |  1- 3 |  4- 6 |  7- 9 | 10-12 | 13-15 | 16-18 || total
---------------------------+-------+-------+-------+-------+-------+-------++-------
  Melee: War axe           |    99 |   195 |   266 |   720 |   991 |       ||  2271
         Morningstar       |       |       |       |       |    24 |       ||    24
         Punch             |       |       |       |       |     8 |       ||     8
         Executioner's axe |       |       |       |       |   178 |   369 ||   547
         Halberd           |       |       |       |       |       |     5 ||     5
   Fire: Heavy crossbow    |       |       |       |       |    25 |     5 ||    30
  Throw: Dart              |       |       |       |     2 |     1 |       ||     3
 Invoke: Divine Shield     |       |       |     1 |     6 |    16 |     6 ||    29
         Cleansing Flame   |       |       |       |       |     3 |       ||     3
  Evoke: Lightning rod     |       |       |       |       |     4 |       ||     4
    Use: Scroll            |     2 |     2 |     2 |     8 |    12 |     1 ||    27
         Potion            |       |     1 |       |     2 |     4 |     1 ||     8
 Armour: Scale mail        |    38 |       |       |       |       |       ||    38
         Chain mail        |    19 |     7 |   112 |   245 |   568 |   227 ||  1178
         Plate armour      |       |    83 |     4 |       |       |       ||    87
  Dodge: Dodged            |    55 |    46 |    99 |   163 |   304 |   121 ||   788
  Block: Buckler           |    23 |    45 |    72 |   206 |   298 |       ||   644
         Other             |       |       |       |       |    73 |    49 ||   122
